 Dungeon Crawl Stone Soup version 0.27-a0-291-gd9602db6ee (webtiles) character file.

Game seed: 5367544339070543666

2461 Mgcat the Cleaver (level 9, -6/63 HPs)
             Began as a Mummy Fighter on Feb 9, 2021.
             Mangled by Joseph
             ... wielding a +6 quarterstaff of speed
              (15 damage)
             ... on level 7 of the Dungeon.
             The game lasted 00:08:39 (7083 turns).

Mgcat the Cleaver (Mummy Fighter)                   Turns: 7083, Time: 00:08:39

Health: -6/63      AC: 14    Str: 29    XL:     9   Next: 26%
Magic:  9/9        EV:  6    Int:  7    God:
Gold:   183        SH:  9    Dex: 11    Spells: 8/8 levels left

rFire    x . .     SeeInvis +   p - +2 war axe (freeze)
rCold    + . .     Faith    .   c - +0 kite shield
rNeg     + + +     Spirit   .   q - +0 chain mail
rPois    ∞         Reflect  .   l - +0 helmet
rElec    .         Harm     .   (no cloak)
rCorr    .         Rampage  .   v - +0 pair of gloves {archery}
Will     +....                  g - +2 pair of boots
Stlth    ..........             (no amulet)
HPRegen  0.20/turn              a - +6 ring of strength
MPRegen  0.11/turn              b - ring of see invisible {sInv, !d}

@: no status effects
A: no potions, fire vulnerability, cold resistance 1, negative energy resistance
3, torment resistance, unbreathing
a: no special abilities


You were on level 7 of the Dungeon.
You visited 2 branches of the dungeon, and saw 8 of its levels.

You collected 306 gold pieces.
You spent 123 gold pieces at shops.

Inventory:

Hand Weapons
 p - a +2 war axe of freezing (weapon)
   (You took it off an orc on level 4 of the Dungeon)
Armour
 c - a +0 kite shield (worn)
 g - a +2 pair of boots (worn)
   (You found it on level 2 of the Dungeon)
 l - a +0 helmet (worn)
   (You found it on level 2 of the Dungeon)
 q - a +0 chain mail (worn)
   (You took it off Edmund on level 4 of the Dungeon)
 v - a +0 pair of gloves of archery (worn)
   (You found it on level 7 of the Dungeon)
Jewellery
 a - a +6 ring of strength (left hand)
   (You found it on level 4 of the Dungeon)
 b - a ring of see invisible (right hand) {sInv, !d}
   (You found it on level 5 of the Dungeon)
 s - a +6 ring of intelligence
   (You found it on level 5 of the Dungeon)
 t - an uncursed ring of protection from cold {rC+, !d}
   (You found it on level 6 of the Dungeon)
Wands
 j - a wand of charming (5)
   (You found it on level 2 of the Dungeon)
 u - a wand of iceblast (7)
   (You found it on level 7 of the Dungeon)
 w - a wand of flame (14)
   (You found it on level 7 of the Dungeon)
Scrolls
 d - 4 scrolls of remove curse
 e - 2 scrolls of magic mapping {unknown}
 f - a scroll of enchant armour {unknown}
 h - 7 scrolls of teleportation {unknown}
 i - 9 scrolls of identify
 k - 2 scrolls of fear {unknown}
 m - 4 scrolls of random uselessness {unknown}
 n - a scroll of noise {unknown}
 o - a scroll of enchant weapon
 r - 2 scrolls of amnesia {unknown}


   Skills:
 - Level 3.0 Fighting
 + Level 10.6 Axes
 - Level 2.4 Armour
 - Level 2.4 Shields


You had 8 spell levels left.
You didn't know any spells.
Your spell library contained the following spells:

 Spells                   Type           Power        Failure   Level
 Magic Dart               Conj           0%           100%        1
 Sandblast                Erth           0%           100%        1
 Passwall                 Tmut/Erth      0%           100%        2
 Searing Ray              Conj           0%           100%        2
 Dazzling Flash           Conj/Hex       0%           100%        3
 Stone Arrow              Conj/Erth      0%           100%        3
 Fulminant Prism          Conj/Hex       0%           100%        4
 Iskenderun's Mystic Bla  Conj/Tloc      0%           100%        4
 Petrify                  Tmut/Erth      0%           100%        4
 Lee's Rapid Deconstruct  Erth           0%           100%        5


Dungeon Overview and Level Annotations

Branches:
Dungeon (7/15)             Temple (1/1) D:7

Altars:
Ashenzari
Cheibriados
Dithmenos
Fedhas
Gozag
Hepliaklqana
Kikubaaqudgha
Nemelex Xobeh
Qazlal
Sif Muna
Trog
Uskayaw
Vehumet
Wu Jian
Xom
Yredelemnul
The Shining One

Shops:
D:4 ?   D:5 (

Annotations:
D:7 Joseph


Innate Abilities, Weirdness & Mutations

You do not drink.
Your flesh is vulnerable to fire.
You are immune to poison.
Your flesh is cold resistant. (rC+)
You are immune to negative energy. (rN+++)
You are immune to unholy pain and torment.
You can survive without breathing.


Message History

You slash the centaur! You freeze the centaur.
You kill the centaur!
No target in view!
No target in view!
Things that are here:
a +0 shortbow; 14 arrows You regained 2 hp, and now have 53/63 hp.
An adder comes into view.
The adder hisses angrily.
The adder barely misses you.
You hit the adder but do no damage. The adder barely misses you.
You barely miss the adder. The adder bites you but does no damage.
You block the adder's attack.
You closely miss the adder. The adder bites you but does no damage.
You closely miss the adder. The adder bites you but does no damage.
The adder bites you.
You take 3 damage, and have 51/63 hp.
You slash the adder!
The adder seems to slow down.
You freeze the adder.
You kill the adder!
No target in view!
No target in view!
You see here an adder corpse.
Found a blossoming altar of Fedhas.
You regained 3 hp, and now have 55/63 hp.
v - a pair of runed gloves You start putting on your armour.
You continue putting on your pair of runed gloves. x4
You finish putting on your +0 pair of gloves of archery.
You feel that your aim is more steady.
i - 9 scrolls of identify (gained 1)
Found a glowing scimitar.
w - a wand of flame (14)
You regained 5 hp, and now have 61/63 hp.
There is a blossoming altar of Fedhas here.
You enter the shallow water.
Moving in this stuff is going to be slow.
You now have 183 gold pieces (gained 11).
Found a stone staircase leading down.
Health restored: 63 You pick up a book of Conjurations and begin reading...
You add the spells Magic Dart, Searing Ray, Dazzling Flash, Fulminant Prism and Iskenderun's Mystic Blast to your library.
Found a stone staircase leading down.
There is a stone staircase leading down here.
You see here 14 arrows.
Joseph, a Mercenary comes into view.
He is wielding a +6 quarterstaff of speed and wearing a +0 leather armour of willpower.
Joseph shouts!
Joseph unwields a +6 quarterstaff of speed.
Joseph wields a +4 hunting sling of freezing.
It is covered in frost.
Joseph shoots a sling bullet.
The sling bullet barely misses you.
You start waiting.
Joseph is nearby!
Joseph shoots a sling bullet.
The sling bullet barely misses you.
A kobold comes into view.
The kobold shouts!
You hear a shout! x2
A kobold comes into view. It is wielding a -1 whip.
Joseph unwields a +4 hunting sling of freezing.
Joseph wields a +6 quarterstaff of speed.
Joseph completely misses you.
You barely miss Joseph. Joseph closely misses you.
You barely miss Joseph. You block Joseph's attack.
You slash Joseph! You freeze Joseph.
Joseph is moderately wounded.
You block Joseph's attack.
You barely miss Joseph.
Joseph is moderately wounded.
Joseph hits you with a +6 quarterstaff of speed!
Joseph hits you but does no damage.
You take 8 damage, and have 55/63 hp.
You closely miss Joseph.
Joseph is moderately wounded.
Joseph hits you with a +6 quarterstaff of speed!!
You take 18 damage, and have 37/63 hp.
MASSIVE DAMAGE!!
You are too injured to fight recklessly!
You are too injured to fight recklessly!
You are too injured to fight recklessly!
You hit Joseph. You freeze Joseph.
Joseph is moderately wounded.
Joseph closely misses you.
Your chain mail prevents you from hitting Joseph.
Joseph is moderately wounded.
Joseph hits you with a +6 quarterstaff of speed.
Joseph sighs, "Being a guard is usually so boring..."
Joseph hits you with a +6 quarterstaff of speed!!
* * * LOW HITPOINT WARNING * * *
You take 20 damage, and have 17/63 hp.
MASSIVE DAMAGE!!
You completely miss Joseph.
Joseph is moderately wounded.
Joseph hits you with a +6 quarterstaff of speed.
* * * LOW HITPOINT WARNING * * *
You take 6 damage, and have 11/63 hp.
You slice Joseph!! You freeze Joseph!
Joseph is almost dead.
Joseph hits you with a +6 quarterstaff of speed.
* * * LOW HITPOINT WARNING * * *
You take 2 damage, and have 9/63 hp.
You completely miss Joseph.
Joseph is almost dead.
Joseph hits you with a +6 quarterstaff of speed!
You die...

... ###.........
#.. #........#
#.# #.........
#.#
#####........#
#.#
##.............
#### #K#
#....#####..##(
#..# #K#
####.........##
#..###@##
#######.#..#
#......@########
#.##..
#.####.........#
##..... #.#
#.#######.#
#..#### #.# #..
#..## #.# ##.#
#...### #.# .#
#....#.... #.#
.### ###.##..##
#.## ....
#..##....
#..#### #.
#..##.##.


You could see Joseph and 2 kobolds.

Vanquished Creatures
  Eustachio (D:6)
  5 yaks (D:6)
  Edmund (D:4)
  A water moccasin (D:6)
  2 ice beasts (D:5)
  An ogre (D:6)
  A sky beast (D:5)
  A centaur (D:7)
  2 phantoms
  2 bullfrogs
  A howler monkey (D:6)
  A quasit (D:6)
  2 jellies (D:5)
  2 hounds
  2 centaur skeletons
  4 orc wizards
  5 worker ants
  5 adders
  A shadow imp (D:6)
  A white imp (D:5)
  An ufetubus (D:4)
  An adder skeleton (D:5)
  5 worms
  4 dart slugs
  4 leopard geckos
  19 orcs
  2 bats (D:3)
  2 giant cockroaches (D:3)
  3 goblins
  7 hobgoblins
  17 jackals
  2 quokkas
  A ball python (D:2)
  3 frilled lizards
  A jackal zombie (D:6)
  9 kobolds
  8 rats
130 creatures vanquished.

Notes
Turn   | Place    | Note
-------+----------+-------------------------------------------
     0 | D:1      | Mgcat the Mummy Fighter began the quest for the Orb.
     0 | D:1      | Reached XP level 1. HP: 18/18 MP: 1/1
   228 | D:1      | Reached skill level 2 in Axes
   475 | D:1      | Reached XP level 2. HP: 24/24 MP: 2/2
  1161 | D:2      | Reached XP level 3. HP: 24/29 MP: 3/3
  1215 | D:2      | Found a hazy altar of Hepliaklqana.
  1233 | D:2      | Reached skill level 3 in Axes
  1691 | D:2      | Found an ancient bone altar of Kikubaaqudgha.
  1986 | D:3      | Reached XP level 4. HP: 35/35 MP: 4/4
  2534 | D:3      | Reached skill level 4 in Axes
  2728 | D:3      | Reached XP level 5. HP: 41/41 MP: 5/5
  3096 | D:4      | Found a shimmering blue altar of Sif Muna.
  3217 | D:4      | Found Wockye Gaib's Magic Scroll Boutique.
  3239 | D:4      | Reached skill level 5 in Axes
  3731 | D:4      | Bought a scroll of enchant weapon for 97 gold pieces
  3731 | D:4      | Bought a scroll of identify for 26 gold pieces
  3760 | D:4      | Noticed Edmund
  3770 | D:4      | Killed Edmund
  3771 | D:4      | Reached XP level 6. HP: 32/47 MP: 6/6
  4145 | D:5      | Entered Level 5 of the Dungeon
  4161 | D:5      | Reached skill level 6 in Axes
  4413 | D:5      | Noticed a sky beast
  4421 | D:5      | Killed a sky beast
  4422 | D:5      | Reached XP level 7. HP: 52/52 MP: 7/7
  4576 | D:5      | Reached skill level 7 in Axes
  5043 | D:5      | Found Kosuisch's Weapon Boutique.
  5275 | D:6      | Reached skill level 8 in Axes
  5275 | D:6      | Reached XP level 8. HP: 50/58 MP: 8/8
  5672 | D:6      | Reached skill level 9 in Axes
  5965 | D:6      | Noticed Eustachio
  5986 | D:6      | Killed Eustachio
  5987 | D:6      | Reached skill level 10 in Axes
  5987 | D:6      | Reached XP level 9. HP: 50/63 MP: 9/9
  6040 | D:6      | Found a shadowy altar of Dithmenos.
  6626 | D:7      | Found a staircase to the Ecumenical Temple.
  6633 | Temple   | Entered the Ecumenical Temple
  6975 | D:7      | Found a blossoming altar of Fedhas.
  7064 | D:7      | Noticed Joseph
  7081 | D:7      | HP: 11/63 [Joseph/+6 quarterstaff of speed (6)]
  7083 | D:7      | Mangled by Joseph

Illustrated notes

Levels and vault maps discovered:
D:1:      scummos_arrival_simple_crosswalls, layout_basic
D:2:      layout_basic, kiku_gazebo_pond_becter, lemuel_doored_altar,
          grunt_ministairs_15
D:3:      layout_loops_corners
D:4:      layout_basic, lemuel_blue_sif_altar, serial_shops,
          nicolae_shop_window_shopping, serial_rivers,
          chequers_serial_rivers_small_3, chequers_serial_rivers_small_b,
          chequers_serial_rivers_micro_c, chequers_serial_rivers_large_a,
          chequers_serial_rivers_micro_e, chequers_serial_rivers_micro_a,
          uniq_edmund
D:5:      layout_basic, serial_shops, shop_statue
D:6:      layout_basic, basic_altar, hex_medium, uniq_eustachio
D:7:      layout_rooms, minmay_temple_entry_waves, fedhas_altar_2, uniq_joseph
Temple:   dshaligram_water_room_temple

Skill      XL: |  1  2  3  4  5  6  7  8 |
---------------+-------------------------+-----
Axes           | 2 3 4 5 6 8 10 | 10.6
Fighting       | |  3.0
Armour         | |  2.4
Shields        | |  2.4

Action                   |  1- 3 |  4- 6 |  7- 9 || total
-------------------------+-------+-------+-------++-------
Melee: War axe           |    98 |   193 |   153 ||   444
  Use: Scroll            |       |     2 |       ||     2
Armor: Scale mail        |    33 |   115 |       ||   148
       Chain mail        |       |     6 |   104 ||   110
Dodge: Dodged            |    32 |    67 |    44 ||   143
Block: Kite shield       |    40 |    88 |    87 ||   215

Table legend: (Time is in decaauts)
 A = Elapsed time spent in this place.
 B = Non-inter-level travel time spent in this place.
 C = Inter-level travel time spent in this place.
 D = Time resting spent in this place.
 E = Time spent auto-exploring this place.
 F = Levels seen in this place.
 G = Mean time per level.
                   A        B        C        D        E       F      G
               +--------+--------+--------+--------+--------+-----+--------+
         Total |   7307 |   6994 |    313 |   1496 |   4362 |   8 |  913.4 |
       Dungeon |   7170 |   6857 |    313 |   1496 |   4253 |   7 | 1024.3 |
        Temple |    136 |    136 |      0 |      0 |    109 |   1 |  136.0 |
               +--------+--------+--------+--------+--------+-----+--------+

Top non-repeatable levels by time:
     D:4: 1670 daAuts
     D:6: 1403 daAuts
     D:2: 1143 daAuts
     D:3: 980 daAuts
     D:1: 897 daAuts
     D:5: 724 daAuts
     D:7: 351 daAuts
  Temple: 136 daAuts

Table legend:
 A = Kills in this place as a percentage of kills in entire the game.
 B = Kills by you in this place as a percentage of kills by you in the entire game.
 C = Kills by friends in this place as a percentage of kills by friends in the entire game.
 D = Other kills in this place as a percentage of other kills in the entire game.
 E = Experience gained in this place as a percentage of experience gained in the entire game.
 F = Experience gained in this place divided by the number of levels of this place that you have seen.
                   A       B       C       D       E      F
               +-------+-------+-------+-------+-------+----------------------
         Total | 100.0 | 100.0 |   N/A |   N/A | 100.0 | 439.6
       Dungeon | 100.0 | 100.0 |   N/A |   N/A | 100.0 | 502.4
               +-------+-------+-------+-------+-------+----------------------
